 Dungeon Crawl Stone Soup version 0.27.1-34-g3ba077fa99 (webtiles) character file.

Game seed: 9051599299167818461

758 Delamore the Covert (level 7, -1/45 HPs)
             Began as an Octopode Brigand on Jan 30, 2022.
             Slain by an orc warrior (19 damage)
             ... on level 4 of the Dungeon.
             The game lasted 00:04:49 (5574 turns).

Delamore the Covert (Octopode Brigand)              Turns: 5574, Time: 00:04:49

Health: -1/45      AC:  1    Str: 10    XL:     7   Next: 80%
Magic:  7/7        EV: 12    Int: 14    God:
Gold:   139        SH:  0    Dex: 15    Spells: 6/6 levels left

rFire    . . .     SeeInvis .   a - +3 dagger
rCold    . . .     Faith    .   (no shield)
rNeg     . . .     Spirit   .   (helmet restricted)
rPois    .         Reflect  .   (no amulet)
rElec    .         Harm     .   (no ring)
rCorr    .         Rampage  .   (no ring)
Will     .....                  (no ring)
Stlth    +++++.....             (no ring)
HPRegen  0.15/turn              (no ring)
MPRegen  0.10/turn              (no ring)
                                (no ring)
                                (no ring)

@: no status effects
A: almost no armour, amphibious, 8 rings, camouflage 1, gelatinous body 1,
(nimble swimmer 1), tentacles
a: no special abilities


You were on level 4 of the Dungeon.
You visited 1 branch of the dungeon, and saw 5 of its levels.

You collected 139 gold pieces.

Inventory:

Hand Weapons
 a - a +3 dagger (weapon)
Missiles
 b - 9 poisoned darts (quivered)
 c - 2 curare-tipped darts
 m - 3 boomerangs
Wands
 n - a wand of flame (7)
Scrolls
 g - a scroll of enchant weapon
 k - 2 scrolls of teleportation
Potions
 d - a potion of haste
 e - a potion of mutation {unknown}
 f - a potion of brilliance {unknown}
 h - 2 potions of heal wounds {unknown}
 i - 2 potions of might {unknown}
 j - 4 potions of curing {unknown}
 o - a potion of invisibility {unknown}


   Skills:
 - Level 2.0 Fighting
 + Level 6.2 Short Blades
 - Level 2.0 Throwing
 - Level 1.0 Dodging
 - Level 10.0 Stealth


You had 6 spell levels left.
You didn't know any spells.
Your spell library contained the following spells:

 Spells                   Type           Power      Damage    Failure   Level
 Blink                    Tloc           N/A        N/A       41%         2
 Slow                     Hex            0%         N/A       41%         2
 Static Discharge         Conj/Air       0%         N/A       41%         2
 Confusing Touch          Hex            0%         N/A       65%         3
 Gell's Gravitas          Tloc           0%         N/A       65%         3
 Lesser Beckoning         Tloc           0%         N/A       65%         3
 Teleport Other           Tloc           0%         N/A       65%         3
 Vampiric Draining        Necr           0%         2d6       65%         3
 Dispel Undead            Necr           0%         3d6       96%         4
 Sticky Flame             Conj/Fire      0%         2d3       96%         4
 Manifold Assault         Tloc           0%         N/A       100%        5


Dungeon Overview and Level Annotations

Branches:
Dungeon (5/15)
 Temple: D:4-7

Altars:
Makhleb
Okawaru
Yredelemnul
Zin


Innate Abilities, Weirdness & Mutations

You cannot wear most types of armour.
You are amphibious.
You can wear up to eight rings at the same time.
Your skin changes colour to match your surroundings (Stealth+).
Your rubbery body absorbs attacks. (AC +1, EV +1)
((You are camouflaged near water. (Stealth+)))
You have tentacles for arms and can constrict up to eight enemies at once.


Message History

No target in view!
No target in view!
No target in view!
No target in view!
No target in view!
The orc shouts!
You hear a shout!
The orc barely misses you.
You hit the orc. You grab the orc.
The orc is lightly wounded.
You constrict the orc. You hit the orc.
You kill the orc!
The orc warrior hits you with a +2 hand axe of venom!
You hear a shout!
Things that are here:
a +0 short sword; a +1 leather armour of cold resistance; an orc corpse You hit the orc warrior but do no damage.
Your grab misses the orc warrior. The orc warrior barely misses you.
The orc hits you with a +0 war axe!
You completely miss the orc warrior. You grab the orc warrior.
You constrict the orc warrior, but do no damage.
The orc warrior struggles to escape constriction.
You hit the orc warrior but do no damage.
You squeeze the orc warrior.
The orc warrior is lightly wounded.
You constrict the orc warrior. The orc closely misses you.
You hit the orc warrior.
You squeeze the orc warrior, but do no damage.
The orc warrior is moderately wounded.
You constrict the orc warrior, but do no damage.
The orc warrior barely misses you. The orc closely misses you.
You hit the orc warrior.
The orc warrior is moderately wounded.
You constrict the orc warrior.
The orc warrior escapes!
You hit the orc warrior but do no damage.
Your grab misses the orc warrior.
The orc warrior is heavily wounded.
The orc hits you with a +0 war axe!
The orc warrior hits you with a +2 hand axe of venom!!
You die...

### ##.....##..##..#..# ##.# #.#
#........##..##..# #.# #.##
##.(.....###..###.# ##.
##.####.......##....# #.# #.
##.....#.............###.# #.
##.####...........###...#.## ##
#.## #...........####.....####.
### ##.......oo#..####.)..##...
### #...##..#o@##..###.........
#.####..###..#..###..##...#.....
##.##...# #.###..###....####....
##....## #.###..##..##..###...#
###..# #.##....[#####..##....
###..# ##.......## #........
#....###.........## ##...#...
#####.......#.....####...#####
##..#.....###........#


You could see an orc warrior and 2 orcs.

Vanquished Creatures
  Pikel (D:4)
  A lemure (D:4)
  A phantom (D:4)
  A centaur zombie (D:4)
  An orc priest (D:3)
  A centaur skeleton (D:4)
  3 adders
  An ufetubus (D:4)
  A worm (D:2)
  A dart slug (D:1)
  13 orcs
  6 ball pythons
  3 bats
  4 endoplasms
  4 giant cockroaches
  7 goblins
  12 hobgoblins
  5 kobolds
  A quokka (D:1)
  2 frilled lizards (D:1)
  3 rats
72 creatures vanquished.

Notes
Turn   | Place    | Note
-------+----------+-------------------------------------------
     0 | D:1      | Delamore the Octopode Brigand began the quest for the Orb.
     0 | D:1      | Reached XP level 1. HP: 14/14 MP: 1/1
    82 | D:1      | Reached XP level 2. HP: 5/19 MP: 2/2
   370 | D:1      | Reached skill level 6 in Stealth
   698 | D:1      | Reached XP level 3. HP: 24/24 MP: 3/3
  1245 | D:2      | Found a faded altar of an unknown god.
  1430 | D:2      | Reached XP level 4. HP: 29/29 MP: 4/4
  1569 | D:3      | Reached skill level 7 in Stealth
  1879 | D:3      | Found a basalt altar of Yredelemnul.
  2150 | D:3      | Reached XP level 5. HP: 27/34 MP: 5/5
  2554 | D:4      | Found an iron altar of Okawaru.
  2565 | D:4      | Found a burning altar of Makhleb.
  3113 | D:4      | Reached skill level 8 in Stealth
  3119 | D:4      | Noticed an orc warrior
  3998 | D:4      | Noticed a lemure
  4005 | D:4      | Noticed a phantom
  4009 | D:4      | Noticed Pikel
  4037 | D:4      | Killed a lemure
  4269 | D:4      | Found a glowing silver altar of Zin.
  4305 | D:4      | Noticed a lemure
  4305 | D:4      | Noticed a lemure
  4307 | D:4      | Noticed a lemure
  4312 | D:4      | Killed Pikel
  4313 | D:4      | Reached skill level 5 in Short Blades
  4313 | D:4      | Reached skill level 10 in Stealth
  4313 | D:4      | Reached XP level 6. HP: 21/39 MP: 6/6
  4313 | D:4      | Reached XP level 7. HP: 24/45 MP: 7/7
  4339 | D:5      | Entered Level 5 of the Dungeon
  4918 | D:4      | HP: 1/45 [phantom (8)]
  5574 | D:4      | Slain by an orc warrior

Illustrated notes

Levels and vault maps discovered:
D:1:      ebering_trefoil_3fold, layout_basic
D:2:      layout_basic, hellmonk_ecumenical_altar_heavens_door
D:3:      layout_loops_ring, general_overflow_altar
D:4:      layout_layer_cave, mainiacjoe_overflow_tiny_flanked,
          mainiacjoe_overflow_chevrons, zin_academy, kennysheep_cross_room,
          uniq_pikel
D:5:      layout_loops_ring, lightli_corner_chamber, uniq_blork_the_orc,
          uniq_ijyb

Skill      XL: |  1  2  3  4  5  6  7 |
---------------+----------------------+-----
Stealth        | 6 7 10 | 10.0
Short Blades   | 3 5 6 |  6.2
Fighting       | |  2.0
Throwing       | |  2.0
Dodging        | |  1.0

Action                   |  1- 3 |  4- 6 |  7- 9 || total
-------------------------+-------+-------+-------++-------
Melee: Dagger            |    50 |    81 |    41 ||   172
       Constrict         |     8 |    17 |     2 ||    27
       Tentacles         |     5 |    10 |     6 ||    21
Throw: Dart              |     2 |    14 |     3 ||    19
       Boomerang         |       |     5 |       ||     5
Evoke: Wand              |       |       |     3 ||     3
  Use: Scroll            |     3 |     1 |     1 ||     5
       Potion            |       |       |     1 ||     1
 Stab: Sleeping          |    26 |     5 |       ||    31
       Distracted        |     1 |     2 |       ||     3
Armor: Skin              |     1 |     4 |     6 ||    11
Dodge: Dodged            |     4 |    36 |    31 ||    71
